AoeStats
← Holder

Lombardia

509436026Analyzed
4v4 RM · 6d ago on Sep 26, 2026· 47m 0s· 8 players
Game mode
Random Map
Map size
Large (8 player)
Population
200
Speed
Normal
Resources
Standard
Victory
Conquest
Starting age
Dark Age
Ending age
Imperial Age
RankedLock teamsTeams togetherTeam positionsShared explorationLock speedFull tech treeHidden civsTurbo modeCheats
Victory
Defeat
🇧🇪 Britons · Belgium
1014
+14
🇪🇸 Goths · Spain
985
+15
🇮🇳 Slavs · India
982
+15
🇫🇷 Saxons · France
980
+15
🇹🇼 Wu · Taiwan
1006
-16
🇨🇳 Poles · China
964
-15
🇻🇳 Armenians · Vietnam
956
-14
🇻🇳 Magyars · Vietnam
951
-14
妍芸
10:03 Feudal Age
10:54 Double-Bit Axe
12:28 Horse Collar
17:47 Castle Age
19:37 Bow Saw
22:30 Wheelbarrow
22:45 Wheelbarrow
24:05 Gold Mining
24:35 Scale Barding Armor
26:46 Bloodlines
27:06 Heavy Plow
27:28 Loom
28:00 Hand Cart
29:11 Coinage
30:38 Chain Barding Armor
33:43 Imperial Age
32:57 Husbandry
33:09 Forging
33:11 Light Cavalry
34:29 Iron Casting
35:54 Banking
34:58 Winged Hussar
37:06 Blast Furnace
35:38 Pikeman
39:43 Crop Rotation
40:42 Stone Mining
41:28 Conscription
42:26 Szlachta Privileges
43:10 Cavalier
DangerWashington
0:52 Loom
13:13 Feudal Age
19:08 Castle Age
17:08 Arson
16:47 Man-at-Arms
17:35 Horse Collar
19:44 Forging
19:35 Scale Mail Armor
20:14 Wheelbarrow
20:52 Heavy Plow
21:08 Squires
21:36 Double-Bit Axe
22:19 Pikeman
23:36 Long Swordsman
25:18 Chain Mail Armor
25:22 Gold Mining
25:56 Fervor
26:30 Iron Casting
28:28 Padded Archer Armor
28:18 Fletching
36:03 Bodkin Arrow
39:38 Imperial Age
38:21 Scale Barding Armor
38:17 Padded Archer Armor
38:36 Hand Cart
38:07 Town Watch
39:30 Red Cliffs Tactics
44:27 Blast Furnace
43:59 Plate Mail Armor
46:20 Bracer
Holder
9:48 Feudal Age
10:05 Man-at-Arms
10:49 Arson
11:12 Double-Bit Axe
11:09 Horse Collar
14:18 Long Swordsman
15:25 Loom
19:21 Wheelbarrow
26:24 Castle Age
33:44 Hand Cart
37:26 Imperial Age
35:25 Ballistics
35:22 Pikeman
36:03 Squires
39:17 Chemistry
38:14 Fletching
38:25 Padded Archer Armor
38:35 Forging
38:25 Scale Mail Armor
38:17 Gambesons
37:53 Halberdier
42:49 Conscription
Kennyciu
12:06 Feudal Age
16:59 Castle Age
24:58 Double-Bit Axe
28:47 Scale Barding Armor
31:19 Imperial Age
29:32 Wheelbarrow
28:40 Horse Collar
31:02 Corvinian Army
31:20 Stone Mining
32:37 Husbandry
35:05 Bloodlines
35:33 Conscription
36:59 Elite Magyar Huszar
38:08 Arson
37:43 Pikeman
39:43 Chain Barding Armor
39:54 Bow Saw
39:48 Heavy Plow
40:17 Hand Cart
40:08 Halberdier
46:42 Parthian Tactics
FallAutumn7731
12:13 Feudal Age
14:54 Horse Collar
17:21 Castle Age
15:37 Double-Bit Axe
19:41 Bow Saw
24:39 Heavy Plow
24:38 Gold Mining
24:39 Stone Mining
26:12 Wheelbarrow
25:59 Loom
28:05 Hand Cart
28:29 Town Watch
30:11 Scale Mail Armor
30:24 Forging
31:39 Squires
31:39 Fletching
32:05 Chain Mail Armor
33:09 Iron Casting
32:29 Bodkin Arrow
35:12 Imperial Age
32:35 Pikeman
33:23 Treadmill Crane
34:03 Ballistics
34:43 Stone Shaft Mining
35:22 Masonry
36:16 Conscription
36:00 Perfusion
37:10 Blast Furnace
36:11 Bracer
37:15 Chemistry
36:47 Bow Saw
37:45 Crop Rotation
36:46 Halberdier
40:19 Architecture
39:27 Elite Huskarl
45:20 Murder Holes
Anne d'autriche
9:27 Feudal Age
7:43 Loom
10:27 Double-Bit Axe
12:31 Wheelbarrow
12:47 Horse Collar
13:52 Gold Mining
18:55 Castle Age
17:51 Stone Mining
19:50 Man-at-Arms
20:36 Heavy Plow
20:58 Bow Saw
23:00 Gold Shaft Mining
22:30 Squires
22:16 Gambesons
23:23 Long Swordsman
25:07 Arson
25:27 Scale Mail Armor
27:38 Forging
27:55 Chain Mail Armor
29:15 Iron Casting
32:31 Hand Cart
38:00 Caravan
38:45 Hand Cart
44:59 Imperial Age
45:31 Two-Handed Swordsman
46:34 Conscription
46:00 Shield Wall
47:43 Plate Mail Armor
feanor111
8:01 Loom
10:36 Feudal Age
14:51 Castle Age
16:01 Double-Bit Axe
16:55 Fletching
17:21 Horse Collar
24:26 Stone Mining
24:49 Bodkin Arrow
25:02 Town Watch
26:53 Wheelbarrow
26:44 Ballistics
26:24 Gold Mining
26:57 Bow Saw
29:40 Yeomen
32:29 Imperial Age
31:03 Padded Archer Armor
31:09 Heavy Plow
31:26 Hand Cart
32:31 Leather Archer Armor
32:26 Town Patrol
33:36 Conscription
35:38 Two-Man Saw
34:54 Elite Longbowman
35:47 Bracer
36:18 Ring Archer Armor
38:16 Chemistry
37:29 Masonry
37:24 Siege Engineers
38:36 Forging
38:26 Scale Mail Armor
38:30 Pikeman
39:11 Squires
38:56 Gambesons
38:57 Arson
39:14 Halberdier
41:14 Iron Casting
43:42 Blast Furnace
42:57 Chain Mail Armor
aśoka
6:55 Loom
9:51 Feudal Age
10:54 Double-Bit Axe
17:28 Fletching
19:56 Horse Collar
24:46 Castle Age
24:01 Wheelbarrow
23:38 Bloodlines
24:01 Forging
25:02 Scale Barding Armor
26:44 Iron Casting
27:39 Chain Barding Armor
28:55 Bodkin Arrow
28:56 Crossbowman
31:31 Heavy Plow
34:45 Gold Mining
41:04 Imperial Age
39:17 Detinets
39:10 Stone Mining
39:56 Gold Shaft Mining
39:52 Hand Cart
39:57 Detinets
41:36 Elite Boyar
42:51 Husbandry
43:53 Blast Furnace
45:33 Cavalier
Connection lost

Rejoining the realm…

Still unreachable

The connection could not be restored.

Session expired

The server has moved on; the page needs a fresh start.